 Dungeon Crawl Stone Soup version 0.30.0-5-g1a98f26d00 (webtiles) character file.

Game seed: 16102916639451862926

2163 tizbic2 the Trooper (level 9, -4/105 HPs)
             Began as a Vampire Fighter on May 10, 2023.
             Was a Believer of Ru.
             Slain by Amaemon
             ... wielding a +1 demon whip of venom
              (6 damage)
             ... on level 8 of the Dungeon.
             The game lasted 00:22:15 (5637 turns).

tizbic2 the Trooper (Vampire Fighter)               Turns: 5637, Time: 00:22:15

Health: -4/105     AC:  9    Str: 22    XL:     9   Next: 10%
Magic:  9/9        EV:  8    Int: 10    God:    Ru [**....]
Gold:   310        SH:  8    Dex: 14    Spells: 8/8 levels left

rFire   + . .        l - +4 hand axe "Gasty" {heavy, rF+ Str+3 SInv}
rCold   . . .        b - +3 buckler
rNeg    . . .        q - +0 chain mail
rPois   .            (no helmet)
rElec   .            (no cloak)
rCorr   .            (no gloves)
SInv    +            (no boots)
Will    .....        t - amulet of the acrobat Stlth
                     (no ring)
HPRegen 0.57/turn    (no ring)
MPRegen 0.11/turn

%: acrobat
@: berserking (expiring), lethally poisoned (-4 -> -18), healing quickly, very
quick
A: alive, fangs 3, see invisible, no stealth, unskilled 1, vampiric 2
a: Exsanguinate, Renounce Religion


You were on level 8 of the Dungeon.
You worshipped Ru.
Ru was pleased with you.
You visited 1 branch of the dungeon, and saw 8 of its levels.

You collected 310 gold pieces.

Inventory:

Hand Weapons
 d - a +0 shortbow
 l - the +4 hand axe "Gasty" (weapon) {heavy, rF+ Str+3 SInv}
   (You found it on level 2 of the Dungeon)

   Str:       It affects your strength (+3).
   rF:        It protects you from fire.
   SInv:      It lets you see invisible.
 v - a +3 spear of flaming
Missiles
 p - 3 boomerangs (quivered)
Armour
 b - a +3 buckler (worn)
 q - a +0 chain mail (worn)
Jewellery
 i - a ring of poison resistance
 o - an amulet of magic regeneration
 t - an amulet of the acrobat (around neck)
Wands
 a - a wand of roots (6)
 w - a wand of flame (20)
Scrolls
 j - 2 scrolls of identify
 s - a scroll of fog
 u - a scroll of silence {unknown}
Potions
 c - a potion of might
 e - a potion of lignification
 f - a potion of cancellation {unknown}
 g - 2 potions of curing
 h - 2 potions of heal wounds
 k - a potion of attraction {unknown}
 n - a potion of mutation
 r - 2 potions of haste {unknown}
 x - a potion of magic {unknown}


   Skills:
 * Level 6.3 Fighting
 - Level 2.0(3.7) Axes
 * Level 4.9(5.1) Polearms
 + Level 4.2 Armour
 + Level 4.7 Shields
 - Level 2.6 Unarmed Combat


You had 8 spell levels left.
You didn't know any spells.
Your spell library contained the following spells:

 Spells                   Type           Power      Damage    Failure   Level
 Shock                    Conj/Air       0%         1d3       96%         1
 Swiftness                Air            0%         N/A       100%        3
 Airstrike                Air            0%         2d(0-16)  100%        4
 Cause Fear               Hex            0%         N/A       100%        4
 Dragon Form              Tmut           0%         N/A       100%        7
 Dragon's Call            Summ           0%         N/A       100%        9


Dungeon Overview and Level Annotations

Branches:
Dungeon (8/15)
 Temple: D:4-7         Lair: D:8-11

Altars:
Dithmenos
Hepliaklqana
Kikubaaqudgha
Nemelex Xobeh
Okawaru
Qazlal
Ru
Uskayaw
Vehumet
Wu Jian
Xom

Shops:
D:4 (

Annotations:
D:8 Amaemon


Innate Abilities, Weirdness & Mutations

Your natural rate of healing is accelerated.
You have razor-sharp teeth.
You have supernaturally acute eyesight. (SInv)
You cannot be stealthy.
You are somewhat unskilled. (-1 Apt)
You are afflicted with vampirism and can become a bat while bloodless.


Message History

You slice Amaemon!!
Amaemon is heavily wounded.
You feel sick.
Amaemon hits you with a +1 demon whip of venom!
You are more poisoned.
Amaemon claws you. Amaemon tail-slaps you.
You slash Amaemon!
Amaemon is heavily wounded.
You feel very sick.
Amaemon hits you with a +1 demon whip of venom!
You are more poisoned.
Amaemon closely misses you. x2
You closely miss Amaemon. You bite Amaemon!
Amaemon is severely wounded.
You feel extremely sick.
Amaemon hits you with a +1 demon whip of venom!
* * * LOW HITPOINT WARNING * * *
You are lethally poisoned!
You block Amaemon's attack.
Amaemon tail-slaps you but does no damage.
You slice Amaemon!!
Amaemon is almost dead.
* * * LOW HITPOINT WARNING * * *
You feel extremely sick. You block Amaemon's attack. Amaemon barely misses you.
Amaemon tail-slaps you but does no damage.
You barely miss Amaemon.
Amaemon is almost dead.
* * * LOW HITPOINT WARNING * * *
You feel extremely sick. Amaemon closely misses you.
Amaemon claws you but does no damage.
Amaemon tail-slaps you but does no damage.
Unknown command.
You are too berserk!
You barely miss Amaemon.
Amaemon is almost dead.
* * * LOW HITPOINT WARNING * * *
You feel extremely sick.
Amaemon hits you with a +1 demon whip of venom.
You die...

... #.#
..s#########.#
≈.....#s..##.#
≈..s6s..#.##.######
#..
≈.....###.........#
#.## ...####
####....#.# #).##
... ####...# #...#
# ..# ##6## #..#.#.
.# #@# #..##.# #
#.# #..##.#
#.#######..##.###
#...............##
#.#######.........
#..........##.#.##
#############.#...
..#### ####


You could see Amaemon.

Vanquished Creatures
  Pikel (D:5)
  Grinder (D:5)
  A water moccasin (D:7)
  A sky beast (D:6)
  An ice beast (D:6)
  2 orc warriors (D:7)
  2 ogres
  2 centaurs
  2 bullfrogs (D:7)
  A scorpion (D:5)
  3 orc priests (D:7)
  3 jellies
  A gnoll bouda (D:6)
  Ijyb (D:3)
  2 orc wizards (D:7)
  10 adders
  6 gnolls
  2 shadow imps
  2 ufetubi
  4 worms (D:2)
  A dart slug (D:1)
  30 orcs
  5 ball pythons
  3 endoplasms
  A giant cockroach (D:4)
  2 goblins
  2 hobgoblins
  7 jackals
  A quokka (D:1)
  8 bats
  4 frilled lizards
  5 kobolds
  A rat (D:1)
118 creatures vanquished.

Vanquished Creatures (collateral kills)
  A hobgoblin (D:1)
1 creature vanquished.

Vanquished Creatures (others)
  An orc (D:7)
1 creature vanquished.

Grand Total: 120 creatures vanquished

Notes
Turn   | Place    | Note
-------+----------+-------------------------------------------
     0 | D:1      | tizbic2 the Vampire Fighter began the quest for the Orb.
     0 | D:1      | Reached XP level 1. HP: 17/17 MP: 1/1
   241 | D:1      | Reached XP level 2. HP: 23/23 MP: 2/2
   480 | D:2      | Reached skill level 3 in Fighting
   536 | D:2      | Gained mutation: You are afflicted with vampirism and can
                  | become a bat while bloodless. [Vampire growth]
   536 | D:2      | Reached XP level 3. HP: 24/29 MP: 3/3
   745 | D:2      | Identified the +4 hand axe "Gasty" {heavy, rF+ Str+3 SInv}
  1007 | D:3      | Found a hide-covered altar of Uskayaw.
  1015 | D:3      | Noticed Ijyb
  1021 | D:3      | Reached XP level 4. HP: 19/35 MP: 4/4
  1026 | D:3      | Killed Ijyb
  1027 | D:3      | Reached skill level 1 in Axes
  1966 | D:4      | Found a stormy altar of Qazlal.
  2045 | D:4      | Found Poaxt's Antique Weapon Boutique.
  2052 | D:4      | Found a sparkling altar of Nemelex Xobeh.
  2062 | D:4      | Found a hazy altar of Hepliaklqana.
  2064 | D:4      | Found a sacrificial altar of Ru.
  2065 | D:4      | Found a shimmering altar of Xom.
  2072 | D:4      | Became a worshipper of Ru the Awakened
  2252 | D:4      | You fall into a shaft and drop 1 floor!
  2252 | D:5      | Entered Level 5 of the Dungeon
  2315 | D:5      | Reached XP level 5. HP: 41/42 MP: 5/5
  2392 | D:5      | Reached skill level 4 in Fighting
  2512 | D:5      | Noticed Pikel
  2512 | D:5      | Noticed a lemure
  2512 | D:5      | Noticed a lemure
  2512 | D:5      | Noticed a lemure
  2512 | D:5      | Noticed a lemure
  2537 | D:5      | Killed Pikel
  2538 | D:5      | Reached skill level 5 in Fighting
  2538 | D:5      | Reached XP level 6. HP: 14/51 MP: 6/6
  2538 | D:5      | Reached XP level 7. HP: 16/56 MP: 7/7
  2706 | D:5      | Found an ancient bone altar of Kikubaaqudgha.
  2706 | D:5      | Found a radiant altar of Vehumet.
  3217 | D:5      | Noticed Grinder
  3225 | D:5      | Killed Grinder
  3308 | D:5      | Gained mutation: You are somewhat unskilled. (-1 Apt) [Ru
                  | sacrifice]
  3308 | D:5      | Reached * piety under Ru
  3667 | D:6      | Reached XP level 8. HP: 62/62 MP: 8/8
  4040 | D:6      | Found an ornate altar of the Wu Jian Council.
  4435 | D:7      | Found a shadowy altar of Dithmenos.
  4779 | D:7      | Reached skill level 6 in Fighting
  4887 | D:7      | Found an iron altar of Okawaru.
  5096 | D:7      | Reached XP level 9. HP: 30/69 MP: 9/9
  5121 | D:7      | Gained mutation: You cannot be stealthy. [Ru sacrifice]
  5121 | D:7      | Reached ** piety under Ru
  5569 | D:8      | Noticed an orange demon
  5570 | D:8      | Noticed Amaemon
  5637 | D:8      | HP: 2/105 [poisoned by Amaemon]
  5637 | D:8      | Slain by Amaemon

Illustrated notes

Levels and vault maps discovered:
D:1:      minmay_arrival_doors, layout_rooms
D:2:      layout_rooms
D:3:      layout_basic, nicolae_uskayaw_dance_hall, uniq_ijyb
D:4:      layout_basic, grunt_temple_overflow_open,
          minmay_temple_entry_glassed_door, serial_shops,
          nicolae_shop_tiny_glass
D:5:      layout_layer_cave, gammafunk_temple_overflow_statue, uniq_grinder,
          uniq_pikel
D:6:      layout_cave_pools, tso_metal_star, nicolae_wu_jian_wuxing_cycle
D:7:      layout_basic, nicolae_overflow_hidden_temple,
          nicolae_dithmenos_shadow_blocks
D:8:      layout_loops_ring, tgw_sif, uniq_amaemon, uniq_psyche, uniq_maggie,
          uniq_prince_ribbit1

Skill      XL: |  1  2  3  4  5  6  7  8 |
---------------+-------------------------+-----
Fighting       | 3 5 6 |  6.3
Shields        | 3 3 4 |  4.7
Axes           | 1 2 |  2.0
Armour         | 3 4 |  4.2
Polearms       | 2 3 4 |  4.9
Unarmed Combat | |  2.6

Action                     |  1- 3 |  4- 6 |  7- 9 || total
---------------------------+-------+-------+-------++-------
  Melee: Unarmed           |    98 |       |       ||    98
         Bite              |     8 |     9 |    20 ||    37
         Hand axe          |    21 |    50 |    97 ||   168
         Spear             |       |    20 |    72 ||    92
  Throw: Boomerang         |       |     1 |    24 ||    25
 Invoke: Sacrifice Skill   |       |       |     1 ||     1
         Sacrifice Stealth |       |       |     1 ||     1
    Use: Scroll            |     7 |     2 |     8 ||    17
         Potion            |       |     2 |     1 ||     3
 Armour: Scale mail        |    52 |       |       ||    52
         Chain mail        |     9 |    29 |    81 ||   119
  Dodge: Dodged            |    40 |    35 |    76 ||   151
  Block: Buckler           |    32 |    40 |    95 ||   167
